 Dungeon Crawl Stone Soup version 0.25-a0-547-g27a0b5d1ef (webtiles) character file.

Game seed: 2969575534451656685, levelgen mode: classic

494 EnegeticOcto the Chopper (level 6, 30/58 HPs)
             Began as a Deep Dwarf Fighter on Feb 21, 2020.
             Quit the game on level 4 of the Dungeon.
             The game lasted 00:01:27 (1541 turns).

EnegeticOcto the Chopper (Deep Dwarf Fighter)       Turns: 1541, Time: 00:01:27

Health: 30/58      AC:  8    Str: 21    XL:     6   Next: 92%
Magic:  0/0        EV:  9    Int:  9    God:
Gold:   94         SH: 10    Dex: 12    Spells: 5/5 levels left

rFire    . . .     SeeInvis .   a - +0 war axe
rCold    . . .     Gourm    .   c - +0 kite shield
rNeg     . . .     Faith    .   b - +0 scale mail
rPois    .         Spirit   .   (no helmet)
rElec    .         Reflect  .   n - +1 cloak
rCorr    .         Harm     .   r - -2 pair of gloves (curse)
MR       .....                  (no boots)
Stlth    ..........             (no amulet)
HPRegen  0.00/turn              (no ring)
MPRegen  0.07/turn              (no ring)

@: non-regenerating
A: damage resistance, heal wounds, sense surroundings 1, no regeneration
a: Heal Wounds


You were on level 4 of the Dungeon.
You were not hungry.

You visited 1 branch of the dungeon, and saw 4 of its levels.

You collected 94 gold pieces.

Inventory:

Hand Weapons
 a - a +0 war axe (weapon)
Armour
 b - a +0 scale mail (worn)
 c - a +0 kite shield (worn)
 n - a +1 cloak (worn)
 r - a cursed -2 pair of gloves (worn)
 v - a +0 chain mail
Wands
 s - a wand of digging (5) {@v2}
 u - a wand of acid (11) {@v1}
Scrolls
 d - 3 scrolls of remove curse {unknown}
 f - a scroll of enchant armour {unknown}
 h - 2 scrolls of amnesia {unknown}
 i - 2 scrolls of identify {unknown}
 o - a scroll of fog {unknown}
 p - a scroll of teleportation {unknown}
 t - a scroll of random uselessness {unknown}
Potions
 j - a potion of lignification {unknown}
 k - a potion of might {@q3}
 l - 2 potions of stabbing {unknown}
 m - 4 potions of curing {@q1}
 q - a potion of heal wounds {unknown}
Comestibles
 e - 7 rations
 g - a chunk of flesh


   Skills:
 * Level 4.4 Fighting
 * Level 4.7 Axes
 + Level 4.4 Armour
 + Level 2.5 Dodging
 + Level 4.4 Shields


You had 5 spell levels left.
You didn't know any spells.
Your spell library was empty.

Dungeon Overview and Level Annotations

Branches:
Dungeon (4/15)
 Temple: D:4-7

Altars:
Ru
Uskayaw

Annotations:
D:2 1 runed translucent door, Crazy Yiuf


Innate Abilities, Weirdness & Mutations

You are resistant to damage.
You can heal yourself by infusing magical energy.
You passively map a small area around you.
You do not regenerate.


Message History

A worm is nearby!
You slash the worm!
The worm is almost dead.
The worm barely misses you.
A worm is nearby!
Your scale mail prevents you from hitting the worm.
The worm is severely wounded.
You slash the worm!
You kill the worm!
No target in view!
No target in view!
No target in view!
No target in view!
You butcher the worm corpse.
g - 2 chunks of flesh (gained 1)
Found a scale mail.
u - a wand of acid (11) {@v1} You now have 94 gold pieces (gained 11).
Eating one of 2 chunks of flesh.
You eat one of the 2 chunks of flesh.
This raw flesh tastes terrible. 3 orcs and an orc wizard come into view.
The orc shouts! x2; The orc wizard shouts!
There are monsters nearby!
The orc wizard gestures wildly while chanting.
The orc wizard blinks!
You closely miss the orc. You barely miss the orc.
The orc wizard gestures wildly while chanting.
The orc wizard blinks!
You block the orc's attack. x2
You closely miss the orc. You barely miss the orc. You closely miss the orc.
The orc wizard gestures wildly while chanting.
The orc wizard blinks!
The orc hits you with a +0 short sword. The orc hits you but does no damage.
The orc wizard gestures at you while chanting.
The magic dart hits you.
You are too injured to fight recklessly!
You are too injured to fight recklessly!
You are too injured to fight recklessly!
You are too injured to fight recklessly!
You are too injured to fight recklessly!
You are too injured to fight recklessly!
You are too injured to fight recklessly!
You are too injured to fight recklessly!
You are too injured to fight recklessly!
You are too injured to fight recklessly!
You are too injured to fight recklessly!
You are too injured to fight recklessly!
You are too injured to fight recklessly!
You are too injured to fight recklessly!
Your magical essence is drained by the effort!
You feel much better. The orc closely misses you. You block the orc's attack.
The orc wizard gestures wildly while chanting.
The orc wizard seems to speed up.
You block the orc's attack.
You don't have enough innate magic capacity.
You closely miss the orc. You slash the orc!
You kill the orc!
You slash the orc!
You kill the orc!
You block the orc's attack.
You slash the orc!
You kill the orc!
The orc wizard casts a spell.
The orc wizard blinks!
You closely miss the orc wizard.
The orc wizard hits you with a +0 dagger.
You block the orc wizard's attack.
You barely miss the orc wizard. You block the orc wizard's attack.
The orc wizard hits you but does no damage.
You closely miss the orc wizard.
The orc wizard hits you but does no damage.
The orc wizard casts a spell at you.
You easily resist.
You slash the orc wizard!
The orc wizard is almost dead.
The orc wizard hits you with a +0 dagger. x2
You hit the orc wizard but do no damage.
The orc wizard is almost dead.
The orc wizard closely misses you.
The orc wizard hits you but does no damage.
You hit the orc wizard.
The orc wizard is almost dead.
The orc wizard points at you and mumbles some strange words.
The magic dart hits you.
The orc wizard hits you but does no damage.
You slash the orc wizard!
You kill the orc wizard!
No target in view!
No target in view!
No target in view!
No target in view!
No target in view!
No target in view!
No target in view!
No target in view!
No target in view!
No target in view!
No target in view!
You see here a +0 chain mail.
v - a +0 chain mail
Okay, then.
Are you sure you want to abandon this character and quit the game? (Confirm with "yes".)

* **#.#####.#.##..........#
* #.# #.#.######.####.#* ##
** #.# #.#.# #....#,
+...###.#####.#.# #..#.#,*
+...........#.... #..# #
##..###.###.#.#.. #..# #
#....:..#.########..#
**#.#.###.............#
#.#.#.......@.....รท.# , *
#####.#.#.###......#....# *
, *
......................#.#,*,
, #####.#.#.##........###.#
* ......#.#.##.#####.... ..
, #######.#...............#.
#....)).###...##.(#.####.# *
#......)............# # *
#....).........### * *


There were no monsters in sight!

Vanquished Creatures
  A hornet (D:3)
  An ogre (D:3)
  An orc priest (D:3)
  A hound (D:2)
  An orc wizard (D:4)
  4 adders
  A worm (D:4)
  2 leopard geckos
  8 orcs
  3 ball pythons
  5 bats
  A giant cockroach (D:1)
  9 goblins
  6 hobgoblins
  5 jackals (D:3)
  4 frilled lizards
  8 kobolds
  4 rats
65 creatures vanquished.

Notes
Turn   | Place    | Note
-------+----------+-------------------------------------------
     0 | D:1      | EnegeticOcto the Deep Dwarf Fighter began the quest for the
                  | Orb.
     0 | D:1      | Reached XP level 1. HP: 20/20 MP: 1/1
   178 | D:1      | Reached XP level 2. HP: 22/27 MP: 2/2
   438 | D:2      | Reached XP level 3. HP: 26/34 MP: 3/3
   469 | D:2      | Reached skill level 1 in Dodging
   471 | D:2      | Found a hide-covered altar of Uskayaw.
   591 | D:2      | Reached XP level 4. HP: 25/42 MP: 4/4
   737 | D:2      | Found a runed translucent door.
   738 | D:2      | Noticed Crazy Yiuf
   824 | D:3      | Noticed an ogre
   840 | D:3      | Killed an ogre
   840 | D:3      | Reached XP level 5. HP: 50/50 MP: 3/3
   957 | D:3      | Found a sacrificial altar of Ru.
  1050 | D:3      | Noticed a hornet
  1070 | D:3      | Paralysed by a hornet for 1 turns
  1078 | D:3      | Paralysed by a hornet for 1 turns
  1093 | D:3      | Killed a hornet
  1093 | D:3      | Reached XP level 6. HP: 15/57 MP: 1/1
  1541 | D:4      | Quit the game

Levels and vault maps discovered:
D:1:      erik_arrival_cave_to_civilisation [erik_arrival_cave_to_temple],
          layout_basic
D:2:      layout_basic, lemuel_round_altar, eat_drink_and_be_merry_uskayaw,
          uniq_natasha, uniq_sigmund, uniq_crazy_yiuf_cottage
D:3:      layout_loops_cross, lemuel_crystal_altar, first_ration
D:4:      layout_basic, grunt_temple_overflow_champion_of_chaos,
          gammafunk_temple_overflow_wave, uniq_pikel

Skill      XL: |  1  2  3  4  5 |
---------------+----------------+-----
Fighting       | 3 4 |  4.4
Axes           | 3 4 |  4.7
Dodging        | 1 2 |  2.5
Armour         | 4 |  4.4
Shields        | 4 |  4.4

Action                   |  1- 3 |  4- 6 || total
-------------------------+-------+-------++-------
Melee: War axe           |    61 |   147 ||   208
 Abil: Heal Wounds       |       |    19 ||    19
  Use: Potion            |       |     1 ||     1
  Eat: Chunk             |       |     3 ||     3
Armor: Scale mail        |    30 |    82 ||   112
Dodge: Dodged            |    19 |    72 ||    91
Block: Kite shield       |    32 |   102 ||   134

Table legend:
 A = Non-vault XP
 B = Vault XP
 C = Vault XP percentage of total XP
 D = Non-vault monster count
 E = Vault monster count
 F = Vault count percentage of total count
                 A         B        C        D         E       F
            +---------+---------+-------+---------+---------+-------
      Total |     704 |       3 |   0.4 |      63 |       2 |   3.1
            +---------+---------+-------+---------+---------+-------
        D:1 |      19 |       3 |  13.6 |      11 |       2 |  15.4
        D:2 |      88 |       0 |   0.0 |      15 |       0 |   0.0
        D:3 |     524 |       0 |   0.0 |      28 |       0 |   0.0
        D:4 |      73 |       0 |   0.0 |       9 |       0 |   0.0
            +---------+---------+-------+---------+---------+-------
